 Dungeon Crawl Stone Soup version 0.26-a0-639-g72c4674329 (webtiles) character file.

Game seed: 10928300840358595295

(classic levelgen) 190854 EnegeticOcto the Severer (level 17, -12/159 HPs)
             Began as a Deep Dwarf Fighter on Sept 28, 2020.
             Was the Champion of Makhleb.
             Mangled by a white very ugly thing (49 damage)
             ... on level 5 of the Depths.
             The game lasted 00:16:15 (15965 turns).

EnegeticOcto the Severer (Deep Dwarf Fighter)      Turns: 15965, Time: 00:16:15

Health: -12/159    AC: 28    Str: 32    XL:     17   Next: 22%
Magic:  3/3        EV: 11    Int:  8    God:    Makhleb [******]
Gold:   825        SH: 33    Dex: 12    Spells: 16/16 levels left

rFire    . . .     SeeInvis .   c - +7 broad axe (venom)
rCold    . . .     Faith    +   G - +10 tower shield of Ignorance {rN+ Int-4}
rNeg     + + .     Spirit   .   y - +3 storm dragon scales {Bai Suzhen}
rPois    +         Reflect  .   h - +0 helmet
rElec    +         Harm     .   F - +1 cloak {rCorr}
rCorr    +         Rampage  .   R - +1 pair of gloves of the Dwarven Hall {rPois Str+8}
MR       ++...                  P - +1 pair of boots {run}
Stlth    ..........             t - amulet of faith
HPRegen  0.00/turn              H - ring of poison resistance
MPRegen  0.08/turn              w - +4 ring of evasion

@: non-regenerating, quick
A: damage resistance, heal wounds, negative energy resistance 1, sense
surroundings 2, no regeneration
}: 2/15 runes: barnacled, gossamer
a: Heal Wounds, Minor Destruction, Lesser Servant of Makhleb, Major Destruction,
Greater Servant of Makhleb, Renounce Religion


You were on level 5 of the Depths.
You worshipped Makhleb.
Makhleb was exalted by your worship.
You visited 6 branches of the dungeon, and saw 34 of its levels.

You collected 1999 gold pieces.
You spent 1174 gold pieces at shops.

Inventory:

Hand Weapons
 c - a +7 broad axe of venom (weapon)
Missiles
 o - 4 throwing nets (quivered)
Armour
 a - the +9 chain mail "Erit" {*Corrode +Fly Int+10 Stlth-}
   (You bought it in a shop on level 2 of the Orcish Mines)

   It affects your intelligence (+10).
   It lets you fly.
   It may corrode you when you take damage.
   It makes you less stealthy.
 h - a +0 helmet (worn)
 x - a +0 plate armour
 y - +3 storm dragon scales (worn) {Bai Suzhen}
 F - a +1 cloak of preservation (worn)
 G - the +10 tower shield of Ignorance (worn) {rN+ Int-4}
   (You found it on level 1 of the Orcish Mines)

   It affects your intelligence (-4).
   It protects you from negative energy.
 M - the +0 pair of boots "Mifoptid" {Int-4 Dex+5}
   (You found it on level 2 of the Lair of Beasts)

   It affects your intelligence (-4).
   It affects your dexterity (+5).
 P - a +1 pair of boots of running (worn)
 R - the +1 pair of gloves of the Dwarven Hall (worn) {rPois Str+8}
   (You took it off Nikola on level 3 of the Spider Nest)

   It affects your strength (+8).
   It protects you from poison.
Jewellery
 t - an amulet of faith (around neck)
 w - a +4 ring of evasion (right hand)
 H - a ring of poison resistance (left hand)
 U - a cursed ring of attention {unknown}
Wands
 e - a wand of disintegration (13)
 g - a wand of polymorph (25)
 j - a wand of paralysis (10)
 u - a wand of acid (9) {@v1}
 C - a wand of iceblast (54) {@v2}
Scrolls
 f - 6 scrolls of teleportation {@r3}
 n - 10 scrolls of remove curse {@r2}
 p - 3 scrolls of identify {@r1}
 A - a scroll of vulnerability
 B - a scroll of summoning
 D - a scroll of random uselessness
 E - 4 scrolls of blinking
 J - 3 scrolls of silence
 K - a scroll of immolation {@r4}
 L - a scroll of magic mapping {@r5}
 N - 3 scrolls of fog
 O - 6 scrolls of enchant armour
 S - a scroll of fear
Potions
 b - 4 potions of heal wounds {@q2}
 d - 5 potions of might {@q3}
 i - 3 potions of lignification {@q7}
 k - 6 potions of magic
 l - 5 potions of stabbing {@q5}
 m - 4 potions of flight
 q - 4 potions of haste {@q4}
 r - 11 potions of ambrosia
 s - 2 potions of mutation
 v - 2 potions of resistance {@q6}
 z - 5 potions of curing {@q1}
 V - a potion of cancellation {unknown}
Miscellaneous
 I - a condenser vane (2/2)
 Q - a phantom mirror
 T - a tin of tremorstones (2/3)


   Skills:
 * Level 12.2 Fighting
 - Level 18.0 Axes
 + Level 14.0 Armour
 * Level 16.8 Shields
 + Level 15.0 Invocations


You had 16 spell levels left.
You didn't know any spells.
Your spell library was empty.

Dungeon Overview and Level Annotations

Branches:
Dungeon (15/15)            Temple (0/1) D:7            Lair (4/6) D:10
 Shoals (4/4) Lair:2       Spider (4/4) Lair:3          Orc (2/2) D:12
    Elf (0/3) Orc:2        Depths (5/5) D:15
 Vaults: D:13-14        Zot: Depths:5

Altars:
Ashenzari
Fedhas
Gozag
Hepliaklqana
Makhleb
Nemelex Xobeh
Okawaru
Sif Muna
Trog
Vehumet
Xom
Beogh

Shops:
D:9 (}?*   Orc:1 *   Orc:2 =*[(   Shoals:4 *

Portals:
Hell: Depths:3
Pandemonium: Depths:3

Annotations:
D:5 2 transporters
D:10 exclusion: orange crystal statue
D:12 exclusion: 2 oklob plants
Spider:2 exclusion: downstairs
Orc:1 1 runed translucent door, exclusion: 4 orange crystal statues


Innate Abilities, Weirdness & Mutations

You are resistant to damage.
You can heal yourself by infusing magical energy.
You resist negative energy. (rN+)
You passively map the area around you.
You do not regenerate.


Message History

The deep troll claws you but does no damage.
The white very ugly thing pecks you but does no damage.
The komodo dragon bites you!
* * * LOW HITPOINT WARNING * * *
The deep troll shaman barely misses you.
The deep troll shaman claws you!
* * * LOW HITPOINT WARNING * * *
The deep troll shaman claws you but does no damage.
The deep troll earth mage bites you but does no damage.
The deep troll earth mage claws you!
* * * LOW HITPOINT WARNING * * *
You block the deep troll earth mage's attack.
You are too injured to fight recklessly!
You are too injured to fight recklessly!
You are too injured to fight recklessly!
You are too injured to fight recklessly!
You are too injured to fight recklessly!
You are too injured to fight recklessly!
You feel much better. You block the deep troll's attack. x2
The deep troll claws you but does no damage.
You block the white very ugly thing's attack.
The komodo dragon completely misses you.
The deep troll shaman bites you but does no damage.
You block the deep troll shaman's attack.
The deep troll shaman barely misses you.
The deep troll earth mage bites you but does no damage.
The deep troll earth mage barely misses you.
You block the deep troll earth mage's attack.
You feel much better. You block the deep troll's attack.
The deep troll claws you but does no damage.
You block the deep troll's attack. The deep troll barely misses you.
You block the deep troll's attack. x2
The white very ugly thing pecks you but does no damage.
You block the komodo dragon's attack.
The deep troll shaman bites you but does no damage.
The deep troll shaman claws you but does no damage.
The deep troll shaman closely misses you.
The deep troll earth mage closely misses you.
The deep troll earth mage claws you but does no damage.
The deep troll earth mage claws you!!
* * * LOW HITPOINT WARNING * * *
You are too injured to fight recklessly!
You are too injured to fight recklessly!
You are too injured to fight recklessly!
You are too injured to fight recklessly!
You are too injured to fight recklessly!
You are too injured to fight recklessly!
You are too injured to fight recklessly!
You are too injured to fight recklessly!
You are too injured to fight recklessly!
You are too injured to fight recklessly!
You are too injured to fight recklessly!
You are too injured to fight recklessly!
You are too injured to fight recklessly!
You are too injured to fight recklessly!
You are too injured to fight recklessly!
You feel much better. You block the deep troll's attack. x3
You block the white very ugly thing's attack.
The komodo dragon closely misses you. The deep troll shaman bites you.
The deep troll shaman barely misses you.
You block the deep troll shaman's attack.
The deep troll earth mage bites you!!
* * * LOW HITPOINT WARNING * * *
The deep troll earth mage claws you!
* * * LOW HITPOINT WARNING * * *
The deep troll earth mage closely misses you.
You are too injured to fight recklessly!
You are too injured to fight recklessly!
You are too injured to fight recklessly!
You are too injured to fight recklessly!
You feel much better. You block the deep troll's attack. x3
The deep troll bites you! The deep troll claws you!
The deep troll claws you but does no damage.
The white very ugly thing pecks you but does no damage.
You block the komodo dragon's attack.
The deep troll shaman bites you but does no damage.
The deep troll shaman barely misses you.
The deep troll shaman claws you but does no damage.
The deep troll earth mage completely misses you.
The deep troll earth mage claws you. The deep troll earth mage claws you!!
* * * LOW HITPOINT WARNING * * *
You feel much better. You block the deep troll's attack.
The deep troll claws you but does no damage.
The deep troll claws you.
You block the white very ugly thing's attack.
You block the komodo dragon's attack.
The deep troll shaman calls upon its god to strengthen the deep troll.
The deep troll seems to grow stronger.
The deep troll earth mage bites you!!
* * * LOW HITPOINT WARNING * * *
You block the deep troll earth mage's attack. x2
You closely miss the deep troll earth mage.
You slash the white very ugly thing!
The white very ugly thing looks as sick as possible!
You closely miss the deep troll. You closely miss the deep troll shaman.
You hit the komodo dragon.
The komodo dragon is poisoned.
You block the deep troll's attack.
The deep troll claws you but does no damage.
You block the deep troll's attack. The white very ugly thing pecks you.
The white very ugly thing freezes you!!!
You die...

, * , ,, *, ,
* **,* , *
###.# ,, ..#.#
, * *#...# *
,, ##.#.#, *
,, ##TV..# ,
#.TTu##.# ,
#l@T...#,, ,
,##.'#####..,
, *#..(.......
, #..<.......
,
####....≈≈≈...
,,
#...[≈≈≈≈#≈.(.
, ,
#.≈≈≈≈#≈≈≈≈...
#.≈#≈≈≈≈#≈≈≈..
,
#.≈≈≈#≈≈≈≈#≈..
* *


You could see a white very ugly thing (extremely poisoned), a vampire knight
(fast), 2 deep trolls, a deep troll earth mage (strong), a deep troll shaman
(very poisoned) and a komodo dragon shaped shifter (very poisoned).

Vanquished Creatures
  Bai Suzhen (Spider:4)
  Nikola (Spider:3)
  Arachne (Spider:4)
  Rupert (Lair:3)
  Asterion (Spider:3)
  Kirke (Shoals:3)
  Donald (Shoals:4)
  A fire giant (Depths:2)
  7 emperor scorpions
  4 ghost moths
  An orc warlord (Orc:2)
  Louise (Spider:4)
  4 very ugly things (Depths:5)
  A stone giant (Depths:5)
  A reaper (Depths:3)
  2 entropy weavers (Spider:1)
  Azrael (Spider:3)
  A spark wasp (Spider:3)
  5 merfolk impalers (Shoals:4)
  An ettin (Depths:2)
  5 merfolk javelineers
  2 fire dragons
  A rakshasa (Depths:1)
  Fannar (Lair:2)
  A yaktaur captain (D:15)
  An ice dragon (Depths:1)
  A hydra (Lair:2)
  2 merfolk aquamancers
  5 centaur warriors
  A spriggan air mage (Depths:5)
  3 two-headed ogres
  An alligator snapping turtle (Shoals:3)
  An orc high priest (Orc:2)
  Urug (Orc:1)
  Nergalle (Orc:1)
  4 skeletal warriors (D:12)
  4 unseen horrors
  2 sea snakes
  A wizard (Depths:2)
  3 swamp dragons (Lair:2)
  A torturous demonspawn (Depths:3)
  8 harpies
  A deep elf mage (D:15)
  A kraken simulacrum (Shoals:4)
  A wolf spider zombie (D:12)
  Pikel (D:4)
  12 orb spiders
  3 orc knights (Orc:2)
  23 wolf spiders
  3 orc sorcerers (Orc:2)
  9 ugly things
  4 fauns
  6 cyclopes
  3 manticores
  A moth of wrath (Spider:4)
  A water nymph (Shoals:3)
  An eye of devastation (Lair:4)
  2 black mambas (Lair:2)
  A frost giant skeleton (Depths:2)
  5 merfolk sirens
  2 gargoyles (D:13)
  2 torpor snails
  A smoke demon (Depths:3)
  5 cane toads
  A centaur skeleton (D:14)
  2 kobold demonologists
  15 demonic crawlers
  A hellwing (Depths:3)
  A yaktaur (D:15)
  5 komodo dragons
  A tengu conjurer (D:13)
  11 rime drakes (Lair:3)
  2 queen bees
  9 merfolk
  2 wind drakes
  A jumping spider (shapeshifter) (D:13)
  6 trolls
  27 jumping spiders
  Grinder (D:4)
  A hornet (Spider:4)
  Prince Ribbit (D:8)
  A polar bear (Lair:4)
  8 hippogriffs
  2 snapping turtles
  23 tarantellas
  A shadow (D:12)
  70 redbacks
  7 water elementals
  14 yaks
  A spriggan (Lair:4)
  2 wraiths (D:12)
  5 fire elementals (Spider:3)
  7 hogs (Shoals:3)
  4 basilisks
  8 steam dragons
  2 wargs (Orc:2)
  Edmund (D:4)
  4 acid dragons
  3 hell hounds (Spider:3)
  5 water moccasins
  3 porcupines
  2 ice beasts
  8 sky beasts
  2 necrophages
  22 orc warriors
  2 black bears (Lair:4)
  5 phantoms
  10 centaurs
  5 boggarts (D:15)
  7 ogres
  3 wolves (Lair:4)
  5 crocodiles
  3 lemures (D:4)
  A big kobold (D:10)
  Blork the orc (Orc:2)
  18 bullfrogs
  A wyvern zombie (D:6)
  3 scorpions
  A troll zombie (D:12)
  21 killer bees
  18 wights
  3 electric eels
  A bullfrog zombie (D:12)
  A crimson imp (D:4)
  A quasit (D:5)
  4 centaur zombies
  7 hounds
  15 orc priests
  4 jellies
  15 orc wizards
  An iguana (D:6)
  Natasha (thrice) (D:2)
  3 worker ants
  4 hell rats (Lair:4)
  5 ogre zombies (D:12)
  A hound skeleton (D:9)
  A worker ant zombie (D:7)
  Robin (D:2)
  12 gnolls
  A howler monkey skeleton (D:7)
  5 adders
  A white imp (D:8)
  2 ufetubi
  An ooze (D:6)
  An adder zombie (D:6)
  3 worms
  2 dart slugs
  5 leopard geckos
  57 orcs
  2 giant cockroaches
  12 goblins
  A hobgoblin (D:2)
  5 jackals (D:4)
  6 kobolds
  8 quokkas
  A frilled lizard (D:2)
  A goblin zombie (D:12)
  2 hobgoblin zombies (D:12)
  2 leopard gecko skeletons
  A leopard gecko zombie (D:8)
  2 orc skeletons (D:12)
  14 orc zombies (D:12)
  7 rats
  A tentacle (Shoals:4)
796 creatures vanquished.

Vanquished Creatures (collateral kills)
  An emperor scorpion (Spider:4)
  A hydra (Lair:4)
  An orb spider (Spider:4)
  A moth of wrath (Spider:4)
  A troll (Orc:2)
  A merfolk (Shoals:4)
  A wind drake (Shoals:4)
  A hornet (Spider:4)
  A tarantella (Spider:4)
  A redback (Spider:4)
  4 orc warriors (Orc:2)
  An ogre (Orc:2)
  8 killer bees (D:10)
  An orc priest (Orc:2)
  An orc wizard (Orc:2)
  A hell rat (Lair:4)
  2 worker ants (D:9)
  An orc (D:9)
29 creatures vanquished.

Vanquished Creatures (others)
  2 wolf spiders
  A rime drake (Lair:3)
  2 tarantellas (Spider:4)
  5 redbacks
  3 fungi
  33 plants
  3 tentacles (Shoals:4)
49 creatures vanquished.

Grand Total: 874 creatures vanquished

Notes
Turn   | Place    | Note
-------+----------+-------------------------------------------
     0 | D:1      | EnegeticOcto the Deep Dwarf Fighter began the quest for the
                  | Orb.
     0 | D:1      | Reached XP level 1. HP: 20/20 MP: 1/1
   116 | D:2      | Noticed Natasha
   127 | D:2      | Noticed a crimson imp
   128 | D:2      | Killed Natasha
   128 | D:2      | Reached skill level 3 in Axes
   128 | D:2      | Reached XP level 2. HP: 28/28 MP: 2/2
   128 | D:2      | Reached XP level 3. HP: 34/34 MP: 3/3
   142 | D:2      | Noticed Natasha
   153 | D:2      | Killed Natasha
   176 | D:2      | Found a faded altar of an unknown god.
   182 | D:2      | Noticed Robin
   191 | D:2      | Reached XP level 4. HP: 39/42 MP: 3/3
   195 | D:2      | Killed Robin
   380 | D:4      | Found a shimmering altar of Xom.
   399 | D:4      | Reached skill level 4 in Axes
   399 | D:4      | Reached XP level 5. HP: 28/49 MP: 4/4
   416 | D:4      | Noticed a lemure
   416 | D:4      | Noticed a lemure
   419 | D:4      | Noticed Pikel
   419 | D:4      | Noticed a lemure
   420 | D:4      | Noticed a lemure
   427 | D:4      | Killed a lemure
   428 | D:4      | Killed a lemure
   434 | D:4      | Killed a lemure
   439 | D:4      | Killed Pikel
   439 | D:4      | Reached skill level 5 in Axes
   439 | D:4      | Reached skill level 5 in Armour
   439 | D:4      | Reached XP level 6. HP: 28/57 MP: 5/5
   439 | D:4      | Reached XP level 7. HP: 32/64 MP: 6/6
   444 | D:4      | Reached skill level 5 in Shields
   467 | D:4      | Noticed Grinder
   483 | D:4      | Killed Grinder
   483 | D:4      | Reached skill level 6 in Axes
   511 | D:4      | Noticed Edmund
   534 | D:4      | Killed Edmund
   565 | D:4      | Reached XP level 8. HP: 44/73 MP: 1/6
   748 | D:4      | Found a blossoming altar of Fedhas.
   781 | D:4      | Found a burning altar of Makhleb.
   798 | D:4      | Became a worshipper of Makhleb the Destroyer
   907 | D:4      | Found a hazy altar of Hepliaklqana.
   920 | D:4      | Reached skill level 7 in Axes
   982 | D:4      | Reached skill level 1 in Invocations
  1073 | D:4      | Found a sparkling altar of Nemelex Xobeh.
  1074 | D:4      | Found an opulent altar of Gozag.
  1129 | D:5      | Entered Level 5 of the Dungeon
  1129 | D:5      | Found a radiant altar of Vehumet.
  1179 | D:5      | Found a transporter.
  1181 | D:5      | Noticed a hippogriff
  1189 | D:5      | Found a shimmering blue altar of Sif Muna.
  1189 | D:5      | Noticed a skeletal warrior
  1205 | D:5      | Noticed a troll
  1331 | D:5      | Found a transporter.
  1459 | D:5      | Reached skill level 5 in Fighting
  1817 | D:6      | Reached * piety under Makhleb
  1871 | D:6      | Reached skill level 8 in Axes
  2162 | D:6      | Gained mutation: You passively map the area around you.
                  | [Deep Dwarf growth]
  2162 | D:6      | Reached XP level 9. HP: 39/80 MP: 7/7
  2927 | D:7      | Reached ** piety under Makhleb
  3079 | D:7      | Found a staircase to the Ecumenical Temple.
  3536 | D:8      | Found a burning altar of Makhleb.
  3569 | D:8      | Reached skill level 9 in Axes
  3597 | D:8      | Noticed Prince Ribbit
  3958 | D:8      | Reached skill level 5 in Invocations
  4246 | D:8      | Killed Prince Ribbit
  4276 | D:9      | Found Zoosesirgh's Magic Scroll Emporium.
  4281 | D:9      | Found Memuaf's Gadget Emporium.
  4297 | D:9      | Reached *** piety under Makhleb
  4302 | D:9      | Bought a scroll of blinking for 97 gold pieces
  4355 | D:9      | Found a bloodstained altar of Trog.
  4355 | D:9      | Noticed a moth of wrath
  4390 | D:9      | Found Ceel Eha's Assorted Antiques.
  4420 | D:9      | Noticed a two-headed ogre
  4430 | D:9      | Reached XP level 10. HP: 91/91 MP: 7/7
  4432 | D:9      | Killed a two-headed ogre
  4432 | D:9      | Reached skill level 10 in Axes
  4536 | D:9      | Found a shattered altar of Ashenzari.
  4619 | D:9      | Found Arham's Weapon Boutique.
  4799 | D:10     | Entered Level 10 of the Dungeon
  4848 | D:10     | Killed an unseen horror
  5008 | D:10     | Noticed an orange crystal statue
  5035 | D:10     | Found a staircase to the Lair.
  5161 | D:10     | Reached **** piety under Makhleb
  5296 | D:10     | Reached skill level 11 in Axes
  5297 | D:10     | HP: 2/94 [killer bee (3)]
  5400 | D:10     | Reached XP level 11. HP: 48/100 MP: 4/4
  5426 | D:10     | Killed an unseen horror
  6039 | D:12     | Reached ***** piety under Makhleb
  6086 | D:12     | Found a staircase to the Orcish Mines.
  6186 | D:12     | Reached skill level 12 in Axes
  6208 | D:12     | Found a blossoming altar of Fedhas.
  6213 | D:12     | Noticed an oklob plant
  6213 | D:12     | Noticed an oklob plant
  6407 | D:12     | Noticed a skeletal warrior
  6407 | D:12     | Noticed a skeletal warrior
  6407 | D:12     | Noticed a skeletal warrior
  6407 | D:12     | Noticed a skeletal warrior
  6433 | D:12     | Killed a skeletal warrior
  6447 | D:12     | Killed a skeletal warrior
  6479 | D:12     | Killed a skeletal warrior
  6516 | D:12     | Killed a skeletal warrior
  6534 | D:12     | Found a roughly hewn altar of Beogh.
  6573 | D:12     | Reached ****** piety under Makhleb
  6677 | D:12     | Reached XP level 12. HP: 84/111 MP: 4/4
  6888 | Orc:1    | Entered Level 1 of the Orcish Mines
  6914 | Orc:1    | Noticed Urug
  6928 | Orc:1    | Killed Urug
  6999 | Orc:1    | Noticed a two-headed ogre
  7009 | Orc:1    | Killed a two-headed ogre
  7009 | Orc:1    | Reached skill level 13 in Axes
  7021 | Orc:1    | Found a runed translucent door.
  7038 | Orc:1    | Found the +10 tower shield of Ignorance {rN+ Int-4}
  7042 | Orc:1    | Found a roughly hewn altar of Beogh.
  7042 | Orc:1    | Noticed Nergalle
  7067 | Orc:1    | Killed Nergalle
  7095 | Orc:1    | Found a runed translucent door.
  7218 | Orc:1    | Found Hioqerec's General Store.
  7404 | Orc:2    | Entered Level 2 of the Orcish Mines
  7404 | Orc:2    | Found a staircase to the Elven Halls.
  7418 | Orc:2    | Reached skill level 10 in Shields
  7460 | Orc:2    | Found an iron altar of Okawaru.
  7476 | Orc:2    | Noticed Blork the orc
  7488 | Orc:2    | Noticed an orc high priest
  7489 | Orc:2    | Killed Blork the orc
  7535 | Orc:2    | Killed an orc high priest
  7535 | Orc:2    | Reached skill level 10 in Armour
  7611 | Orc:2    | Noticed an orc warlord
  7637 | Orc:2    | Killed an orc warlord
  7637 | Orc:2    | Reached skill level 10 in Invocations
  7667 | Orc:2    | Found a roughly hewn altar of Beogh.
  7704 | Orc:2    | Found Conoymint's Antique Weapon Shoppe.
  7720 | Orc:2    | Found Renigi's Antique Armour Shoppe.
  7729 | Orc:2    | Bought a fine chain mail for 247 gold pieces
  7739 | Orc:2    | Identified the +9 chain mail "Erit" {*Corrode +Fly Int+10
                  | Stlth-} (You bought it in a shop on level 2 of the Orcish
                  | Mines)
  7748 | Orc:2    | Found Bufa's Jewellery Shoppe.
  7766 | Orc:2    | Found Soddugro's General Store.
  7788 | Orc:2    | Bought an uncursed ring of poison resistance for 280 gold
                  | pieces
  8011 | D:9      | Bought a condenser vane (2/2) for 260 gold pieces
  8055 | Lair:1   | Entered Level 1 of the Lair of Beasts
  8168 | Lair:2   | Noticed Fannar
  8198 | Lair:2   | Killed Fannar
  8198 | Lair:2   | Reached XP level 13. HP: 104/121 MP: 4/4
  8229 | Lair:2   | Found a staircase to the Shoals.
  8366 | Lair:2   | Reached skill level 14 in Axes
  8545 | Lair:2   | Found a transporter.
  8670 | Lair:2   | Found a transporter.
  8885 | Lair:2   | Got a pair of smoking boots
  8903 | Lair:2   | Identified the cursed +0 pair of boots "Mifoptid" {Int-4
                  | Dex+5} (You found it on level 2 of the Lair of Beasts)
  8957 | Lair:3   | You fall into a shaft and drop 1 floor!
  9012 | Lair:4   | Noticed Sonja
  9019 | Lair:4   | Noticed Sonja
  9019 | Lair:4   | Sonja changed into Sonja the queen bee
  9022 | Lair:4   | Killed Sonja the queen bee
  9101 | Lair:4   | Noticed Nessos
  9108 | Lair:4   | Noticed Nessos
  9108 | Lair:4   | Nessos changed into Nessos the eye of devastation
  9115 | Lair:4   | Killed Nessos the eye of devastation
  9765 | Lair:3   | Noticed Rupert
  9791 | Lair:3   | Killed Rupert
 10449 | Lair:3   | Found a hole to the Spider Nest.
 10668 | Lair:3   | Identified the Grimoire of Nocuous Orientation
 10849 | D:13     | Reached skill level 15 in Axes
 10854 | D:13     | Gained mutation: You resist negative energy. (rN+) [Deep
                  | Dwarf growth]
 10854 | D:13     | Reached XP level 14. HP: 118/130 MP: 5/5
 10932 | D:14     | Identified a +1 pair of boots of running (You found it on
                  | level 14 of the Dungeon)
 10937 | D:15     | Entered Level 15 of the Dungeon
 10982 | D:15     | Reached skill level 10 in Fighting
 11180 | D:15     | Found a staircase to the Depths.
 11518 | Spider:1 | Entered Level 1 of the Spider Nest
 11593 | Spider:1 | Noticed an entropy weaver
 11607 | Spider:1 | Killed an entropy weaver
 11662 | Spider:1 | Noticed an emperor scorpion
 11691 | Spider:1 | Killed an emperor scorpion
 11776 | Spider:1 | Reached skill level 16 in Axes
 12005 | Spider:1 | Noticed an entropy weaver
 12019 | Spider:1 | Killed an entropy weaver
 12019 | Spider:1 | Reached XP level 15. HP: 121/140 MP: 7/7
 12528 | Spider:3 | Identified the +1 pair of gloves of the Dwarven Hall {rPois
                  | Str+8}
 12528 | Spider:3 | Noticed Nikola
 12559 | Spider:3 | Killed Nikola
 12764 | Spider:3 | Noticed Azrael
 12818 | Spider:3 | Killed Azrael
 12838 | Spider:3 | Noticed Asterion
 12853 | Spider:3 | Noticed an Executioner
 12855 | Spider:3 | Killed Asterion
 13047 | Spider:3 | Killed a ghost moth
 13065 | Spider:4 | Entered Level 4 of the Spider Nest
 13114 | Spider:4 | Noticed Bai Suzhen
 13119 | Spider:4 | Noticed Louise
 13119 | Spider:4 | Noticed Arachne
 13148 | Spider:4 | Killed a ghost moth
 13160 | Spider:4 | Reached skill level 15 in Shields
 13161 | Spider:4 | Reached skill level 17 in Axes
 13199 | Spider:4 | Killed a ghost moth
 13200 | Spider:4 | Killed a ghost moth
 13223 | Spider:4 | Reached XP level 16. HP: 127/150 MP: 2/6
 13240 | Spider:4 | Got a gossamer rune of Zot
 13330 | Spider:4 | Killed Bai Suzhen
 13340 | Spider:4 | Killed Arachne
 13366 | Spider:4 | Killed Louise
 13580 | Shoals:1 | Entered Level 1 of the Shoals
 14040 | Shoals:3 | Noticed Kirke
 14102 | Shoals:3 | Killed Kirke
 14270 | Shoals:4 | Entered Level 4 of the Shoals
 14289 | Shoals:4 | Found Edopn's General Store.
 14300 | Shoals:4 | Bought a scroll of teleportation for 60 gold pieces
 14300 | Shoals:4 | Bought a potion of might for 80 gold pieces
 14300 | Shoals:4 | Bought a scroll of enchant armour for 150 gold pieces
 14337 | Shoals:4 | Noticed Donald
 14348 | Shoals:4 | Killed Donald
 14362 | Shoals:4 | Reached skill level 18 in Axes
 14381 | Shoals:4 | Got a barnacled rune of Zot
 14688 | D:2      | Noticed Natasha
 14691 | D:2      | Killed Natasha
 15555 | Depths:1 | Entered Level 1 of the Depths
 15642 | Depths:2 | Reached XP level 17. HP: 159/159 MP: 4/4
 15679 | Depths:3 | Found a gateway to Hell.
 15698 | Depths:3 | Found a one-way gate leading to the halls of Pandemonium.
 15889 | Depths:5 | Entered Level 5 of the Depths
 15953 | Depths:5 | Reached skill level 15 in Invocations
 15953 | Depths:5 | Paralysed by a vampire knight for 5 turns
 15959 | Depths:5 | HP: 6/159 [deep troll shaman (12)]
 15965 | Depths:5 | Mangled by a white very ugly thing

Illustrated notes

Levels and vault maps discovered:
D:1:      dpeg_arrival_windows_large_door, layout_basic
D:2:      layout_loops_ring, chequers_ecumenical_altar_simple_redux,
          uniq_terence, uniq_robin, uniq_natasha
D:3:      layout_basic, old_standard_altar
D:4:      layout_rooms, xom_redecorated, fedhas_ov_isle_minmay,
          marbit_many_paths, grunt_temple_overflow_opulence,
          makhleb_grotto_becter, serial_corexii_hall, corexii_hall_statues_x,
          corexii_hall_statues_i, uniq_pikel, uniq_edmund, uniq_grinder
D:5:      layout_loops_ring, fiery_altar_vehumet,
          gammafunk_temple_overflow_arena
D:6:      layout_layer_cave
D:7:      layout_loops_corners, minmay_temple_entry_slanted
D:8:      layout_loops_cross, basic_altar, serial_park_tiny_pond,
          uniq_prince_ribbit1
D:9:      layout_cave_pools, lemuel_doored_altar, tgw_trog, serial_shops, shop,
          nicolae_shop_competitors_out_of_business, shop, kennysheep_mini
D:10:     minmay_statue_hallways, layout_cave_pools, dpeg_oklobed_lair,
          special_room [special_room_bee]
D:11:     layout_roguey
D:12:     layout_roguey, zombieorc1_lemuel, special_room [special_room_orc],
          hangedman_tree_tricks, uniq_snorg
D:13:     layout_long_grid
D:14:     layout_irregular_city, grunt_vaults_entry_tiered,
          nicolae_ru_awakened_eye, hangedman_aviary, uniq_roxanne
D:15:     grunt_enter_depths_snipers, layout_loops_cross, elyvilon_altar_3
Lair:1:   layout_cave_pods, infiniplex_staircase_pool, grunt_megastairs_3,
          uniq_erica
Lair:2:   gammafunk_cloud_chamber, layout_hall_layers,
          minmay_shoals_entry_lonely_mermaid, uniq_fannar
Lair:3:   layout_hall_layers, spider_nest_entry_funnel_web, serial_forest,
          infiniplex_forest_lined_room_2, infiniplex_forest_end_double,
          infiniplex_forest_straight_2, infiniplex_forest_clump_diagonal,
          infiniplex_forest_end_2, infiniplex_forest_lined_4_way,
          infiniplex_forest_straight_4, bobbens_dragon_lair_wall, uniq_rupert
Lair:4:   layout_long_grid, forest_entry_grove, lemuel_fruit_fields,
          infiniplex_staircase_pool_2, uniq_nessos, uniq_sonja
Shoals:1: layout_shoals, serial_shops, nicolae_shop_stone,
          nicolae_shoals_square_sea_wall, centaur_isle
Shoals:2: layout_shoals, portal_ice_cave_entry_pillars_three,
          nicolae_shoals_cliffside_cave, lemuel_altar_in_water
Shoals:3: layout_shoals, uniq_kirke
Shoals:4: shoals_end_grunt_ice, layout_shoals, serial_shops, shop_statue,
          uniq_donald
Spider:1: layout_spider_delve
Spider:2: layout_spider_delve
Spider:3: layout_chambers, nicolae_spider_cling_halls, uniq_azrael, uniq_nikola,
          uniq_asterion
Spider:4: grunt_spider_rune_circles, uniq_louise, uniq_arachne, uniq_bai_suzhen
Orc:1:    layout_diamond_mine, basic_altar, serial_shops, shop,
          chequers_guarded_unrand_ignorance, uniq_urug, uniq_nergalle
Orc:2:    grunt_orc_cross, layout_diamond_mine, okawaru_metal_pillars_3
Depths:1: layout_honeycomb, hell_entry, abyss_entry_small_statue_room,
          nrook_mini_vaults, chequers_serial_rivers_micro_c, drop_trap,
          hangedman_decor_riveting, kennysheep_donut
Depths:2: evilmike_silver_temple, layout_gridlike, lightli_too_deep,
          rand_demon_pan_entry_8, skrybe_limestone_x, minmay_gold_behind_fungi,
          minmay_pinched_square, firewood_loft, serial_bayou_shore_b
Depths:3: kennysheep_ambush_hall, layout_basic, enter_ziggurat_b,
          kennysheep_boxes, rand_demon_pan_entry_7, hell_entry,
          lemuel_old_faithful, infiniplex_staircase_door_maze
Depths:4: grunt_profane_halls [grunt_profane_temple_coc,
          grunt_profane_temple_tar, grunt_profane_temple_geh,
          grunt_profane_temple_dis, grunt_profane_loot], hell_entry, abyss_entry
Depths:5: grunt_zot_entry_pinwheel, layout_basic, patterned_corridor,
          grunt_hell_entry_dis_grunt, serial_shops, shop, nicolae_lava_and_water

Skill      XL: |  1  2  3  4  5  6  7  8  9 10 11 12 13 14 15 16 17 |
---------------+----------------------------------------------------+-----
Fighting       | 3 4 5 6 7 8 9 10 11 12 | 12.2
Axes           | 3 4 5 6 8 9 11 12 13 15 16 17 18 | 18.0
Armour         | 4 5 6 7 8 9 10 11 12 13 14 | 14.0
Shields        | 4 5 6 7 8 9 11 12 13 15 16 | 16.8
Invocations    | 3 5 7 9 10 11 12 13 14 15 | 15.0

Action                   |  1- 3 |  4- 6 |  7- 9 | 10-12 | 13-15 | 16-18 || total
-------------------------+-------+-------+-------+-------+-------+-------++-------
Melee: War axe           |    33 |    74 |   518 |   537 |       |       ||  1162
       Broad axe         |       |       |       |   300 |   907 |   500 ||  1707
       Unarmed           |       |       |       |       |       |     9 ||     9
Invok: Lesser Servant of |       |       |       |     4 |     2 |     2 ||     8
       Greater Servant o |       |       |       |       |     1 |       ||     1
 Abil: Heal Wounds       |     2 |     1 |    18 |    25 |    14 |    21 ||    81
Evoke: Wand              |       |       |       |     4 |     9 |       ||    13
       Condenser vane    |       |       |       |       |     2 |     2 ||     4
       Tin of tremorston |       |       |       |       |       |     3 ||     3
  Use: Scroll            |       |       |    15 |     6 |    13 |     7 ||    41
       Potion            |       |       |       |     2 |     2 |     2 ||     6
 Stab: Confused          |       |       |       |       |     1 |     4 ||     5
       Distracted        |       |       |       |       |       |     1 ||     1
Armor: Scale mail        |    15 |    36 |   245 |   162 |       |       ||   458
       Plate armour      |       |       |       |   208 |       |       ||   208
       Chain mail        |       |       |       |     7 |   707 |   219 ||   933
       Storm dragon scal |       |       |       |       |       |    69 ||    69
Dodge: Dodged            |    10 |    32 |   171 |   384 |   374 |   177 ||  1148
Block: Kite shield       |    11 |    54 |   270 |   469 |       |       ||   804
       Tower shield      |       |       |       |   300 |  1578 |   808 ||  2686

Table legend: (Time is in decaauts)
 A = Elapsed time spent in this place.
 B = Non-inter-level travel time spent in this place.
 C = Inter-level travel time spent in this place.
 D = Time resting spent in this place.
 E = Time spent auto-exploring this place.
 F = Levels seen in this place.
 G = Mean time per level.
                   A        B        C        D        E       F      G
               +--------+--------+--------+--------+--------+-----+--------+
         Total |  15653 |  13852 |   1801 |     18 |   8938 |  34 |  460.4 |
       Dungeon |   8690 |   7526 |   1164 |      0 |   5209 |  15 |  579.3 |
          Lair |   2871 |   2577 |    294 |      0 |   2040 |   4 |  717.8 |
        Shoals |    864 |    766 |     98 |      0 |    295 |   4 |  216.0 |
   Spider Nest |   1802 |   1613 |    189 |     13 |    774 |   4 |  450.5 |
  Orcish Mines |   1069 |   1037 |     32 |      5 |    498 |   2 |  534.5 |
        Depths |    357 |    336 |     21 |      0 |    119 |   5 |   71.4 |
               +--------+--------+--------+--------+--------+-----+--------+

Top non-repeatable levels by time:
  Lair:3: 1127 daAuts
     D:6: 1093 daAuts
    D:10: 938 daAuts
    D:12: 911 daAuts
  Lair:2: 874 daAuts
     D:8: 847 daAuts
     D:7: 846 daAuts
     D:4: 837 daAuts
  Lair:4: 739 daAuts
     D:5: 649 daAuts
    D:13: 605 daAuts
Spider:1: 584 daAuts
     D:9: 568 daAuts
   Orc:2: 546 daAuts
Spider:3: 528 daAuts
